| TOP OF THE 1ST |
|
Greenville Drive batting - Pitching for Clinton LumberKings : RHP Steve Miles
|
|
Pitching: RHP Steve Miles
|
|
|
Batting: LHB John Buff
|
0-0: Called Strike 0-1: Ball 1-1: Ball 2-1: Ball 3-1: Base on Balls
|
|
Batting: SHB Robert Soto
|
0-0: Ball Passed Ball! John Buff to second 1-0: Foul Ball, location: 2F 1-1: Ball 2-1: Foul Ball, location: 2F 2-2: Reached on error, E4 (Groundball, 4, EV 84.4 MPH) John Buff to third
|
|
Batting: LHB Danny Montoya
|
0-0: Called Strike 0-1: Ball 1-1: Ball 2-1: Ground out 6-3 (Groundball, 4MD, EV 84.4 MPH) John Buff scores Robert Soto to second
|
|
Batting: RHB Alex Cardenas
|
0-0: Ball 1-0: Ball 2-0: Called Strike 2-1: Foul Ball, location: 2F 2-2: Foul Ball, location: 2F 2-2: Ground out 4-3 (Groundball, 4M, EV 106.9 MPH) Robert Soto to third
|
|
Batting: RHB Tony Nunez
|
0-0: Ground out 6-3 (Groundball, 6M, EV 108.8 MPH)
|
| Top of the 1st over - 1 run, 0 hits, 1 error, 1 left on base; Greenville 1 - Clinton 0 |
| BOTTOM OF THE 1ST |
|
Clinton LumberKings batting - Pitching for Greenville Drive : RHP Su-wu Yang
|
|
Pitching: RHP Su-wu Yang
|
|
|
Batting: RHB Antonio Oyola
|
0-0: Called Strike 0-1: Foul Ball, location: 2F 0-2: Reached on error, E7 (Flyball, 7, EV 85.6 MPH)
|
|
Batting: RHB Ivan Davila
|
0-0: Called Strike 0-1: Ball 1-1: Ball 2-1: Ball 3-1: Swinging Strike 3-2: Foul Ball, location: 2F 3-2: Hit by Pitch Antonio Oyola to second
|
|
Batting: LHB Jason Kinney
|
0-0: Foul Ball, location: 2F 0-1: Ball 1-1: Foul Ball, location: 2F 1-2: Ball 2-2: Foul Ball, location: 2F 2-2: Foul Ball, location: 2F 2-2: Reached on error, E5 (Groundball, 56S, EV 71.9 MPH) Antonio Oyola scores Ivan Davila to third
|
|
Batting: RHB Kinzo Yokoyama
|
0-0: Foul Ball, location: 2F 0-1: Ball 1-1: Swinging Strike 1-2: Fly out, F8 (Flyball, 8LS, EV 91.2 MPH)
|
|
Batting: RHB Chris Skaff
|
0-0: Fly out, F2 (Popup, 23F, EV 85.6 MPH)
|
|
Batting: RHB Rich Justice
|
0-0: Ground out 6-3 (Groundball, 6, EV 105.6 MPH)
|
| Bottom of the 1st over - 1 run, 0 hits, 2 errors, 2 left on base; Greenville 1 - Clinton 1 |
| TOP OF THE 2ND |
|
Greenville Drive batting - Pitching for Clinton LumberKings : RHP Steve Miles
|
|
Batting: RHB Bobby Schimke
|
0-0: Ball 1-0: Foul Ball, location: 2F 1-1: Ball 2-1: Swinging Strike 2-2: Ground out 5-3 (Groundball, 5, EV 94.4 MPH)
|
|
Batting: RHB Scott Hawkins
|
0-0: Ball 1-0: Called Strike 1-1: Ball 2-1: Ball 3-1: Called Strike 3-2: Foul Ball, location: 2F 3-2: Base on Balls
|
|
Batting: RHB Ted Emmerich
|
0-0: Ball 1-0: Ball 2-0: Foul Ball, location: 2F 2-1: SINGLE (Line Drive, 7S, EV 92.5 MPH) Scott Hawkins to second
|
|
Batting: RHB Roger Mitchell
|
0-0: Called Strike 0-1: Ball 1-1: Reached on error, E5 (Groundball, 56S, EV 76.2 MPH) Scott Hawkins to third Ted Emmerich to second
|
|
Batting: LHB John Buff
|
0-0: Fly out, F7 (Flyball, 7, EV 84.4 MPH)
|
|
Batting: SHB Robert Soto
|
0-0: Fly out, F6 (Popup, P, EV 83.1 MPH)
|
| Top of the 2nd over - 0 runs, 1 hit, 1 error, 3 left on base; Greenville 1 - Clinton 1 |
| BOTTOM OF THE 2ND |
|
Clinton LumberKings batting - Pitching for Greenville Drive : RHP Su-wu Yang
|
|
Batting: SHB Raghnall Ahearne
|
0-0: Swinging Strike 0-1: Called Strike 0-2: Strikes out swinging
|
|
Batting: RHB Tze-meng Li
|
0-0: Called Strike 0-1: Ball 1-1: Swinging Strike 1-2: Strikes out swinging
|
|
Batting: RHB David Greene
|
0-0: Ball 1-0: Ball 2-0: Called Strike 2-1: Ball 3-1: Swinging Strike 3-2: Strikes out swinging
|
| Bottom of the 2nd over - 0 runs, 0 hits, 0 errors, 0 left on base; Greenville 1 - Clinton 1 |
| TOP OF THE 3RD |
|
Greenville Drive batting - Pitching for Clinton LumberKings : RHP Steve Miles
|
|
Batting: LHB Danny Montoya
|
0-0: Ball 1-0: Ground out U3 (Groundball, 3L, EV 106.9 MPH)
|
|
Batting: RHB Alex Cardenas
|
0-0: Called Strike 0-1: Fly out, F9 (Flyball, 9, EV 96.2 MPH)
|
|
Batting: RHB Tony Nunez
|
0-0: Foul Ball, location: 2F 0-1: Called Strike 0-2: Ball 1-2: Ball 2-2: Foul Ball, location: 2F 2-2: Ground out 5-3 (Groundball, 56, EV 86.9 MPH)
|
| Top of the 3rd over - 0 runs, 0 hits, 0 errors, 0 left on base; Greenville 1 - Clinton 1 |
| BOTTOM OF THE 3RD |
|
Clinton LumberKings batting - Pitching for Greenville Drive : RHP Su-wu Yang
|
|
Batting: RHB Antonio Oyola
|
0-0: Swinging Strike 0-1: Fly out, F7 (Line Drive, 7LS, EV 90.6 MPH)
|
|
Batting: RHB Ivan Davila
|
0-0: Foul Ball, location: 2F 0-1: Foul Ball, location: 2F 0-2: Ball 1-2: Foul Ball, location: 2F 1-2: Foul Ball, location: 2F 1-2: Ball 2-2: Strikes out swinging
|
|
Batting: LHB Jason Kinney
|
0-0: Ball 1-0: Called Strike 1-1: Swinging Strike 1-2: Foul Ball, location: 2F 1-2: Strikes out swinging
|
| Bottom of the 3rd over - 0 runs, 0 hits, 0 errors, 0 left on base; Greenville 1 - Clinton 1 |
| TOP OF THE 4TH |
|
Greenville Drive batting - Pitching for Clinton LumberKings : RHP Steve Miles
|
|
Batting: RHB Bobby Schimke
|
0-0: Fly out, F8 (Flyball, 8RD, EV 87.5 MPH)
|
|
Batting: RHB Scott Hawkins
|
0-0: Ball 1-0: Called Strike 1-1: Called Strike 1-2: Foul Ball, location: 2F 1-2: DOUBLE (Line Drive, 89D, EV 92.5 MPH)
|
|
Batting: RHB Ted Emmerich
|
0-0: Ball 1-0: DOUBLE (Line Drive, 7LS, EV 101.2 MPH) Scott Hawkins scores
|
|
Batting: RHB Roger Mitchell
|
0-0: Ball 1-0: Ball 2-0: Ball 3-0: Base on Balls
|
|
Batting: LHB John Buff
|
0-0: Called Strike 0-1: Ball 1-1: Fly out, F5 (Popup, 5SF, EV 75.6 MPH)
|
|
Batting: SHB Robert Soto
|
0-0: Ball 1-0: Ball 2-0: Ball 3-0: Base on Balls Ted Emmerich to third Roger Mitchell to second
|
|
Batting: LHB Danny Montoya
|
0-0: Ground out 4-3 (Groundball, 34S, EV 83.1 MPH)
|
| Top of the 4th over - 1 run, 2 hits, 0 errors, 3 left on base; Greenville 2 - Clinton 1 |
| BOTTOM OF THE 4TH |
|
Clinton LumberKings batting - Pitching for Greenville Drive : RHP Su-wu Yang
|
|
Batting: RHB Kinzo Yokoyama
|
0-0: Ball 1-0: Fly out, F9 (Flyball, 9LD, EV 97.5 MPH)
|
|
Batting: RHB Chris Skaff
|
0-0: Ball 1-0: Called Strike 1-1: Ball 2-1: Foul Ball, location: 2F 2-2: Strikes out swinging
|
|
Batting: RHB Rich Justice
|
0-0: Ball 1-0: Called Strike 1-1: Ball 2-1: Ball 3-1: Foul Ball, location: 2F 3-2: Foul Ball, location: 2F 3-2: Base on Balls
|
|
Batting: SHB Raghnall Ahearne
|
0-0: Foul Ball, location: 2F 0-1: Ball Wild Pitch! Rich Justice to second 1-1: Ball 2-1: Swinging Strike 2-2: Foul Ball, location: 2F 2-2: Ball 3-2: Foul Ball, location: 2F 3-2: SINGLE (Groundball, P, EV 80.0 MPH) (infield hit) Rich Justice to third
|
|
Batting: RHB Tze-meng Li
|
0-0: Swinging Strike 0-1: Ball 1-1: Swinging Strike 1-2: Ball 2-2: Ball 3-2: Foul Ball, location: 2F 3-2: Strikes out swinging passed ball, reaches first! Rich Justice scores Raghnall Ahearne to second
|
|
Batting: RHB David Greene
|
0-0: Ball 1-0: Ball 2-0: Fly out, F9 (Flyball, 9LM, EV 95.6 MPH)
|
| Bottom of the 4th over - 1 run, 1 hit, 0 errors, 2 left on base; Greenville 2 - Clinton 2 |
| TOP OF THE 5TH |
|
Greenville Drive batting - Pitching for Clinton LumberKings : RHP Steve Miles
|
|
Batting: RHB Alex Cardenas
|
0-0: Ball 1-0: Ball 2-0: Foul Ball, location: 2F 2-1: Foul Ball, location: 2F 2-2: Ball 3-2: Foul Ball, location: 2F 3-2: Foul Ball, location: 2F 3-2: Foul Ball, location: 2F 3-2: Fly out, F9 (Flyball, 9LM, EV 85.6 MPH)
|
|
Pitching: RHP Ke-yong Khoo
|
|
|
Batting: RHB Tony Nunez
|
0-0: Foul Ball, location: 2F 0-1: Called Strike 0-2: Strikes out looking
|
|
Batting: RHB Bobby Schimke
|
0-0: Foul Ball, location: 2F 0-1: Ball 1-1: Ground out U3 (Groundball, 34, EV 86.2 MPH)
|
| Top of the 5th over - 0 runs, 0 hits, 0 errors, 0 left on base; Greenville 2 - Clinton 2 |
| BOTTOM OF THE 5TH |
|
Clinton LumberKings batting - Pitching for Greenville Drive : RHP Su-wu Yang
|
|
Batting: RHB Antonio Oyola
|
0-0: Called Strike 0-1: SINGLE (Groundball, 34S, EV 87.5 MPH) (infield hit)
|
|
Batting: RHB Ivan Davila
|
0-0: Ball 1-0: Foul Ball, location: 2F 1-1: Foul Ball, location: 2F 1-2: Ball 2-2: Ball 3-2: Foul Ball, location: 2F 3-2: Strikes out swinging
|
|
Pitching: RHP Alan Phillips
|
|
|
Batting: LHB Jason Kinney
|
0-0: Swinging Strike 0-1: Foul Ball, location: 2F 0-2: Grounds into double play, 5-6-3 (Groundball, 56S, EV 91.2 MPH)
|
| Bottom of the 5th over - 0 runs, 1 hit, 0 errors, 0 left on base; Greenville 2 - Clinton 2 |
| TOP OF THE 6TH |
|
Greenville Drive batting - Pitching for Clinton LumberKings : RHP Ke-yong Khoo
|
|
Batting: RHB Scott Hawkins
|
0-0: Foul Ball, location: 2F 0-1: SINGLE (Line Drive, 9S, EV 86.9 MPH)
|
|
Batting: RHB Ted Emmerich
|
0-0: Ball 1-0: Foul Ball, location: 2F 1-1: Fielders Choice at 2nd, 1-6 (Groundball, 34S, EV 73.1 MPH)
|
|
Pinch Hitting: LHB Kevin Rolison
|
0-0: Ball 1-0: Ball 2-0: SINGLE (Line Drive, 4D, EV 105.0 MPH) Ted Emmerich to second
|
|
Batting: LHB John Buff
|
0-0: Ball 1-0: Swinging Strike 1-1: Foul Ball, location: 2F 1-2: Foul Ball, location: 2F 1-2: Ball Balk! Ted Emmerich to third Kevin Rolison to second 2-2: Ball 3-2: Base on Balls
|
|
Pitching: RHP Daniel Villalobos
|
|
|
Batting: SHB Robert Soto
|
0-0: Ball 1-0: Foul Ball, location: 2F 1-1: Foul Ball, location: 2F 1-2: DOUBLE (Line Drive, 3D, EV 94.4 MPH) Ted Emmerich scores Kevin Rolison scores John Buff to third Runner from 3rd tries for Home, SAFE, no throw by RF
|
|
Batting: LHB Danny Montoya
|
0-0: Ball 1-0: Ball 2-0: Foul Ball, location: 2F 2-1: Foul Ball, location: 2F 2-2: Foul Ball, location: 2F 2-2: Ball 3-2: Base on Balls
|
|
Batting: RHB Alex Cardenas
|
0-0: Called Strike 0-1: Ball 1-1: Ball 2-1: Ball 3-1: Base on Balls Robert Soto to third Danny Montoya to second
|
|
Batting: RHB Tony Nunez
|
0-0: Called Strike 0-1: Ball 1-1: Swinging Strike 1-2: Foul Ball, location: 2F 1-2: Grounds into fielders choice 5-2 (Groundball, 56, EV 86.9 MPH) Danny Montoya to third Alex Cardenas to second
|
|
Batting: RHB Bobby Schimke
|
0-0: Called Strike 0-1: Ball 1-1: Ball 2-1: Ball 3-1: Base on Balls Danny Montoya scores Alex Cardenas to third Tony Nunez to second
|
|
Batting: RHB Scott Hawkins
|
0-0: Ball 1-0: Foul Ball, location: 2F 1-1: Ground out 3-1 (Groundball, 3D, EV 103.8 MPH)
|
| Top of the 6th over - 4 runs, 3 hits, 0 errors, 3 left on base; Greenville 6 - Clinton 2 |
| BOTTOM OF THE 6TH |
|
Clinton LumberKings batting - Pitching for Greenville Drive : RHP Alan Phillips
|
|
Now at 1B: Kevin Rolison
|
|
|
Now at 2B: Tony Nunez
|
|
|
Batting: RHB Kinzo Yokoyama
|
0-0: Ball 1-0: Called Strike 1-1: Ball 2-1: Foul Ball, location: 2F 2-2: Foul Ball, location: 2F 2-2: Foul Ball, location: 2F 2-2: Ground out 6-3 (Groundball, 6S, EV 92.5 MPH)
|
|
Batting: RHB Chris Skaff
|
0-0: Swinging Strike 0-1: Ball 1-1: Ball 2-1: Ball 3-1: Base on Balls
|
|
Batting: RHB Rich Justice
|
0-0: Called Strike Chris Skaff is caught stealing 2nd base 2-4 0-1: Ball 1-1: Ball 2-1: Called Strike 2-2: Fly out, F4 (Line Drive, 4M, EV 70.6 MPH)
|
| Bottom of the 6th over - 0 runs, 0 hits, 0 errors, 0 left on base; Greenville 6 - Clinton 2 |
| TOP OF THE 7TH |
|
Greenville Drive batting - Pitching for Clinton LumberKings : RHP Daniel Villalobos
|
|
Batting: RHB Ted Emmerich
|
0-0: Foul Ball, location: 2F 0-1: Ball 1-1: SINGLE (Line Drive, 56, EV 96.2 MPH)
|
|
Batting: LHB Kevin Rolison
|
0-0: Bunted foul 0-1: Ball 1-1: Sac Bunt to 25 - play at first, batter OUT! 5-3 Ted Emmerich to second
|
|
Batting: LHB John Buff
|
0-0: Ball 1-0: Ball 2-0: Called Strike 2-1: SINGLE (Flyball, 6MD, EV 92.5 MPH) Ted Emmerich to third
|
|
Pitching: RHP Eduardo Arlarcon
|
|
|
Batting: SHB Robert Soto
|
0-0: Foul Ball, location: 2F 0-1: Ball John Buff steals 2nd base (no throw) 1-1: Called Strike 1-2: Foul Ball, location: 2F 1-2: Foul Ball, location: 2F 1-2: Foul Ball, location: 2F 1-2: Foul Ball, location: 2F 1-2: Foul Ball, location: 2F 1-2: Strikes out swinging
|
|
Batting: LHB Danny Montoya
|
0-0: Swinging Strike 0-1: Called Strike 0-2: Ball 1-2: Strikes out swinging
|
| Top of the 7th over - 0 runs, 2 hits, 0 errors, 2 left on base; Greenville 6 - Clinton 2 |
| BOTTOM OF THE 7TH |
|
Clinton LumberKings batting - Pitching for Greenville Drive : RHP Alan Phillips
|
|
Batting: SHB Raghnall Ahearne
|
0-0: Swinging Strike 0-1: Ball 1-1: DOUBLE (Groundball, 3L, EV 101.2 MPH)
|
|
Batting: RHB Tze-meng Li
|
0-0: Ground out 6-3 (Groundball, 6S, EV 86.9 MPH) Raghnall Ahearne to third
|
|
Pinch Hitting: LHB Josh Gottlieb
|
0-0: Foul Ball, location: 2F 0-1: Ball 1-1: Ground out 4-3 (Groundball, 4S, EV 77.5 MPH) Raghnall Ahearne scores
|
|
Batting: RHB Antonio Oyola
|
0-0: Ball 1-0: Swinging Strike 1-1: SINGLE (Flyball, 9LS, EV 84.4 MPH)
|
|
Batting: RHB Ivan Davila
|
0-0: Ball 1-0: Called Strike 1-1: Called Strike 1-2: Foul Ball, location: 2F 1-2: Fly out, F3 (Popup, 3F, EV 71.2 MPH)
|
| Bottom of the 7th over - 1 run, 2 hits, 0 errors, 1 left on base; Greenville 6 - Clinton 3 |
| TOP OF THE 8TH |
|
Greenville Drive batting - Pitching for Clinton LumberKings : RHP Eduardo Arlarcon
|
|
Pitching: RHP Bryce Blanksby
|
|
|
Now at 2B: Bryan Shuller
|
|
|
Batting: RHB Alex Cardenas
|
0-0: Ball 1-0: TRIPLE (Line Drive, 7D, EV 100.0 MPH)
|
|
Batting: RHB Tony Nunez
|
0-0: Ball 1-0: Ball 2-0: Ball 3-0: Swinging Strike 3-1: Swinging Strike 3-2: Strikes out swinging
|
|
Batting: RHB Bobby Schimke
|
0-0: Ball 1-0: Called Strike 1-1: Foul Ball, location: 2F 1-2: Foul Ball, location: 2F 1-2: Ball 2-2: Foul Ball, location: 2F 2-2: Ball 3-2: SINGLE (Groundball, 4MD, EV 98.8 MPH) Alex Cardenas scores
|
|
Batting: RHB Scott Hawkins
|
0-0: Ground out 5-3 (Groundball, 5S, EV 75.6 MPH) Bobby Schimke to second
|
|
Batting: RHB Ted Emmerich
|
0-0: Called Strike 0-1: Fly out, F8 (Flyball, 89XD, EV 76.9 MPH)
|
| Top of the 8th over - 1 run, 2 hits, 0 errors, 1 left on base; Greenville 7 - Clinton 3 |
| BOTTOM OF THE 8TH |
|
Clinton LumberKings batting - Pitching for Greenville Drive : RHP Alan Phillips
|
|
Pitching: RHP Paul Carter
|
|
|
Batting: LHB Jason Kinney
|
0-0: Ball 1-0: Hit by Pitch
|
|
Batting: RHB Kinzo Yokoyama
|
0-0: Called Strike 0-1: Fly out, F8 (Flyball, 8RXD, EV 91.2 MPH)
|
|
Batting: RHB Chris Skaff
|
0-0: Swinging Strike 0-1: Swinging Strike 0-2: Strikes out looking
|
|
Batting: RHB Rich Justice
|
0-0: Called Strike 0-1: Swinging Strike 0-2: Strikes out swinging
|
| Bottom of the 8th over - 0 runs, 0 hits, 0 errors, 1 left on base; Greenville 7 - Clinton 3 |
| TOP OF THE 9TH |
|
Greenville Drive batting - Pitching for Clinton LumberKings : RHP Bryce Blanksby
|
|
Pitching: RHP Lorenzo Gutierrez
|
|
|
Batting: LHB Kevin Rolison
|
0-0: Foul Ball, location: 2F 0-1: Foul Ball, location: 2F 0-2: Ball 1-2: Ball 2-2: Ball 3-2: SINGLE (Groundball, 34D, EV 105.6 MPH)
|
|
Batting: LHB John Buff
|
0-0: Sac Bunt to 13 - play at first, batter OUT! 1-3 Kevin Rolison to second
|
|
Batting: SHB Robert Soto
|
0-0: Called Strike 0-1: Ground out 6-3 (Groundball, 6M, EV 105.6 MPH) Kevin Rolison to third
|
|
Batting: LHB Danny Montoya
|
0-0: Ball 1-0: Foul Ball, location: 2F 1-1: 2-RUN HOME RUN (Flyball, 9D, EV 94.4 MPH), Distance : 382 ft
|
|
Batting: RHB Alex Cardenas
|
0-0: Called Strike 0-1: Ball 1-1: Ball 2-1: Ball 3-1: Foul Ball, location: 2F 3-2: Foul Ball, location: 2F 3-2: Foul Ball, location: 2F 3-2: Strikes out swinging
|
| Top of the 9th over - 2 runs, 2 hits, 0 errors, 0 left on base; Greenville 9 - Clinton 3 |
| BOTTOM OF THE 9TH |
|
Clinton LumberKings batting - Pitching for Greenville Drive : RHP Paul Carter
|
|
Batting: SHB Raghnall Ahearne
|
0-0: Ball 1-0: Called Strike 1-1: Foul Ball, location: 2F 1-2: Ball 2-2: Ball 3-2: Base on Balls
|
|
Batting: RHB Tze-meng Li
|
0-0: Called Strike 0-1: Foul Ball, location: 2F 0-2: Ball 1-2: Ball 2-2: Fielders Choice at 2nd, 6-4 (Groundball, 6, EV 108.1 MPH)
|
|
Pinch Hitting: SHB Frank Amato
|
0-0: Swinging Strike 0-1: Ball 1-1: Swinging Strike 1-2: Strikes out swinging
|
|
Batting: RHB Antonio Oyola
|
0-0: Foul Ball, location: 2F 0-1: Ball 1-1: Foul Ball, location: 2F 1-2: Strikes out looking
|
| Bottom of the 9th over - 0 runs, 0 hits, 0 errors, 1 left on base; Greenville 9 - Clinton 3 |
|